 Dungeon Crawl Stone Soup version 0.18.1-50-g88ac8fd (webtiles) character file.

899 Neder the Cleaver (level 7, 0/52 HPs)
             Began as a Demonspawn Fighter on Oct 29, 2016.
             Killed from afar by an orc wizard (1 damage)
             ... with a magic dart
             ... on level 5 of the Dungeon.
             The game lasted 00:05:32 (4229 turns).

Neder the Cleaver (Demonspawn Fighter)              Turns: 4229, Time: 00:05:34

Health: 0/52       AC: 13    Str: 19    XL:     7   Next: 79%
Magic:  0/7        EV:  9    Int:  9    God:
Gold:   296        SH:  0    Dex: 12    Spells: 0 memorised, 6 levels left

rFire  . . .     SeeInvis .     a - +0 war axe
rCold  . . .     Gourm    +     t - +0 chain mail
rNeg   . . .     Faith    .     (no shield)
rPois  .         Spirit   +     I - +0 helmet
rElec  .         Dismiss  .     (no cloak)
rCorr  .         Reflect  .     (no gloves)
SustAt .         Harm     .     (no boots)
MR     .....                    o - amulet of the gourmand
Stlth  ..........               v - ring of wizardry
                                c - +2 ring of evasion

@: not resistant to hostile enchantments, extremely unstealthy
A: talons 1, thin metallic scales 2, magic shield
a: no special abilities


You were on level 5 of the Dungeon.
You were hungry.

You visited 1 branch of the dungeon, and saw 5 of its levels.

You collected 296 gold pieces.

Inventory:

Hand Weapons
 a - a +0 war axe (weapon)
Armour
 b - a +0 scale mail
 t - a +0 chain mail (worn)
 I - a +0 helmet (worn)
Jewellery
 c - a +2 ring of evasion (left hand)
 o - an amulet of the gourmand (around neck)
 v - a ring of wizardry (right hand)
 K - an uncursed amulet of faith {unknown}
Wands
 p - a wand of slowing (26/48)
 w - a wand of iceblast (8/15)
 y - a wand of slowing (5/48)
 B - a wand of flame (19/48)
Scrolls
 d - 4 scrolls of remove curse {unknown}
 e - a scroll of enchant weapon {unknown}
 g - 3 scrolls of recharging {unknown}
 i - 2 scrolls of teleportation {unknown}
 j - 5 scrolls of identify {unknown}
 n - a scroll of enchant armour {unknown}
 s - 2 scrolls of noise {unknown}
 D - a scroll of immolation {unknown}
 E - a scroll of random uselessness {unknown}
 F - a scroll of magic mapping {unknown}
 G - 2 scrolls of amnesia {unknown}
 L - a scroll of fear {unknown}
Potions
 h - a potion of cancellation
 k - 2 potions of ambrosia {unknown}
 l - a potion of cure mutation {unknown}
 m - 2 potions of resistance {unknown}
 q - a potion of lignification {unknown}
 r - 3 potions of curing {unknown}
 u - a potion of flight {unknown}
 A - 2 potions of might
 J - 3 potions of haste {unknown}
Books
 C - a book of Callings

   Spells                             Type                      Level
   a - Summon Small Mammal            Summoning                    1
   b - Call Imp                       Summoning                    2
   c - Call Canine Familiar           Summoning                    3
   d - Summon Guardian Golem          Hexes/Summoning              3
   e - Summon Lightning Spire         Summoning/Air                4
   f - Summon Ice Beast               Ice/Summoning                4
Comestibles
 f - 4 bread rations
 x - 3 meat rations
 z - 2 slices of pizza
 H - 3 fruits


   Skills:
 - Level 3.0 Fighting
 + Level 8.4 Axes
 - Level 2.6 Armour
   Level 2.6 Shields


You had 6 spell levels left.
You didn't know any spells.

Dungeon Overview and Level Annotations

Branches:
Dungeon (5/15)
 Temple: D:4-7

Altars:
Ashenzari
Dithmenos
Fedhas
Kikubaaqudgha
Okawaru


Innate Abilities, Weirdness & Mutations

You have sharp toenails.
You are mostly covered in thin metallic scales (AC +3).
When hurt, damage is shared between your health and your magic reserves.


Message History

* * * LOW HITPOINT WARNING * * *
The orc wizard casts a spell at you. The magic dart hits you!
The orc priest miscasts a cantrip.
You hit the orc priest but do no damage.
The orc priest is almost dead.
You hit the orc warrior but do no damage.
The orc warrior is moderately wounded.
The orc warrior hits you with a mace!
* * * LOW HITPOINT WARNING * * *
The orc priest hits you but does no damage.
Drink which item? (? for menu, Esc to quit)
It was a potion of cancellation.
You feel magically purged.
The orc wizard points at you and mumbles some strange words.
The magic dart hits you!
* * * LOW HITPOINT WARNING * * *
The orc warrior hits you but does no damage.
The orc wizard gestures at you while chanting.
The magic dart hits you!
You die...

#....# #..####.
...##.# #
#....#####.<# #.. .
#.##.......##### #
#.#.[..........#
#.#.....##.###.#
#.#..##.##.# #.#
#.#..##.##.# #.#
#.#..##.##.###.####.#.
#
#.#..##.##...o@.......
. #..........oo.......
# .#######.##.####.##
#.##.# ### #.##.# #..
.....# #.# #.#### #.#
#.# #.# #.#


You could see an orc warrior, an orc priest and an orc wizard.

Vanquished Creatures
  The ghost of Gorglomux the Chopper, a novice HOGl of Yredelemnul (D:5)
  An ogre (D:4)
  A scorpion (D:4)
  Jessica (D:2)
  A centaur skeleton (D:5)
  Ijyb (D:2)
  Terence (D:2)
  Natasha (thrice) (D:3)
  2 worker ants (D:5)
  2 orc wizards (D:4)
  A worker ant zombie (D:5)
  6 adders
  3 oozes
  An adder zombie (D:5)
  4 worms
  2 dart slugs
  3 giant geckos
  8 orcs (D:4)
  2 ball pythons
  7 giant cockroaches
  3 goblins
  8 hobgoblins
  A quokka (D:2)
  A ball python skeleton (D:4)
  5 bats
  7 giant newts
  A jackal skeleton (D:4)
  6 kobolds
  A quokka zombie (D:5)
  5 rats
89 creatures vanquished.

Notes
Turn   | Place    | Note
--------------------------------------------------------------
     0 | D:1      | Neder the Demonspawn Fighter began the quest for the Orb.
     0 | D:1      | Reached XP level 1. HP: 18/18 MP: 1/1
    18 | D:1      | Reached skill level 2 in Axes
   513 | D:1      | Gained mutation: You have sharp toenails. [demonic ancestry]
   513 | D:1      | Reached XP level 2. HP: 24/24 MP: 2/2
   972 | D:2      | Reached skill level 3 in Axes
  1006 | D:2      | Gained mutation: When hurt, damage is shared between your health and your magic reserves. [demonic ancestry]
  1006 | D:2      | Reached XP level 3. HP: 27/29 MP: 3/3
  1022 | D:2      | Noticed Jessica
  1023 | D:2      | Noticed Ijyb
  1034 | D:2      | Killed Ijyb
  1035 | D:2      | Killed Jessica
  1035 | D:2      | Reached skill level 4 in Axes
  1035 | D:2      | Reached XP level 4. HP: 20/35 MP: 2/4
  1697 | D:2      | Noticed Terence
  1710 | D:2      | Killed Terence
  1710 | D:2      | Reached XP level 5. HP: 10/41 MP: 3/5
  2056 | D:2      | Reached skill level 5 in Axes
  2187 | D:3      | Found a shadowy altar of Dithmenos.
  2213 | D:3      | Noticed Natasha
  2220 | D:3      | Killed Natasha
  2242 | D:3      | Found an iron altar of Okawaru.
  2264 | D:3      | Noticed Natasha
  2270 | D:3      | Killed Natasha
  2353 | D:3      | Noticed Natasha
  2367 | D:3      | Killed Natasha
  2367 | D:3      | Gained mutation: You are partially covered in thin metallic scales (AC +2). [demonic ancestry]
  2367 | D:3      | Reached XP level 6. HP: 19/47 MP: 3/6
  2753 | D:4      | Reached skill level 6 in Axes
  3352 | D:4      | Found a shattered altar of Ashenzari.
  3616 | D:5      | Entered Level 5 of the Dungeon
  3663 | D:5      | Reached skill level 7 in Axes
  3663 | D:5      | Gained mutation: You are mostly covered in thin metallic scales (AC +3). [demonic ancestry]
  3663 | D:5      | Reached XP level 7. HP: 47/52 MP: 5/7
  3722 | D:5      | Found a blossoming altar of Fedhas.
  3946 | D:5      | Noticed Gorglomux's ghost (novice HOGl)
  3961 | D:5      | Killed Gorglomux's ghost
  3961 | D:5      | Reached skill level 8 in Axes
  4126 | D:5      | Found an ancient bone altar of Kikubaaqudgha.
  4229 | D:5      | HP: 1/52 [orc wizard/magic dart (5)]
  4229 | D:5      | Killed from afar by an orc wizard

Skill      XL: |  1  2  3  4  5  6  7 |
---------------+----------------------+-----
Axes           | 2 3 4 5 7 8 |  8.4
Fighting       | |  3.0
Armour         | |  2.6
Shields        | |  2.6

Action                   |  1- 3 |  4- 6 |  7- 9 || total
-------------------------+-------+-------+-------++-------
Melee: War axe           |    79 |   221 |    58 ||   358
       Kick              |    10 |    58 |    21 ||    89
  Use: Potion            |     1 |     1 |     2 ||     4
  Eat: Chunk             |       |     6 |       ||     6
       Bread ration      |       |     1 |       ||     1
Armor: Scale mail        |    28 |    39 |       ||    67
       Chain mail        |       |    65 |    28 ||    93
Dodge: Dodged            |    16 |    80 |    31 ||   127
Block: Shield            |    46 |    48 |       ||    94
